 Dungeon Crawl Stone Soup version 0.31-a0-151-ge443d1f16c (webtiles) character file.

Game seed: 1946752886965834590

147 qw the Shooter (level 5, -3/32 HPs)
             Began as a Gargoyle Hunter on June 8, 2023.
             Slain by a cerulean imp
             ... wielding a +2 spear
             ... summoned by Natasha
              (5 damage)
             ... on level 3 of the Dungeon.
             The game lasted 00:00:44 (2119 turns).

qw the Shooter (Gargoyle Hunter)                    Turns: 2119, Time: 00:00:44

Health: -3/32      AC:  7    Str: 14    XL:     5   Next: 29%
Magic:  5/5        EV: 11    Int: 10    God:
Gold:   105        SH:  0    Dex: 15    Spells: 4/4 levels left

rFire   . . .        Y - +0 shortbow
rCold   . . .        (shield currently unavailable)
rNeg    + . .        c - +0 leather armour
rPois   inf          (no helmet)
rElec   +            (no cloak)
rCorr   .            (no gloves)
SInv    .            (no boots)
Will    .....        (no amulet)
Stlth   ++           (no ring)
HPRegen 0.25/turn    (no ring)
MPRegen 0.09/turn

%: no passive effects
@: no status effects
A: sickness immunity, AC +4, negative energy resistance 1, electricity
resistance, torment resistance 1, petrification resistance
a: no special abilities


You were on level 3 of the Dungeon.
You visited 1 branch of the dungeon, and saw 3 of its levels.

You collected 105 gold pieces.


Innate Abilities, Weirdness & Mutations

You are immune to sickness and miasma.
Your stone body is resilient. (AC +4)
You are immune to poison.
You resist negative energy. (rN+)
You are resistant to electric shocks. (rElec)
You are resistant to unholy torment.
You are immune to petrification.


   Skills:
 - Level 3.5 Fighting
 + Level 5.8 Ranged Weapons
 - Level 1.5 Dodging
 - Level 1.1 Stealth


You had 4 spell levels left.
You didn't know any spells.
Your spell library was empty.

Inventory:

Hand Weapons
 Y - a +0 shortbow (weapon)
Armour
 c - a +0 leather armour (worn)
 l - a +0 pair of boots
Jewellery
 h - a ring of ice
Scrolls
 a - 2 scrolls of identify
Potions
 b - a potion of degeneration {unknown}
 d - 3 potions of attraction {unknown}
 e - 2 potions of curing {unknown}
 g - a potion of magic {unknown}
 i - a potion of haste {unknown}
 j - a potion of resistance {unknown}
 k - a potion of brilliance {unknown}
 m - a potion of ambrosia {unknown}

Dungeon Overview and Level Annotations

Branches:
Dungeon (3/15)

Altars:

Annotations:
D:2 1 runed translucent door, Crazy Yiuf
D:3 1 runed translucent door, Natasha; Sigmund; qw's ghost, weakling MiHu


Message History

You feel disoriented.
You shoot an arrow.
The arrow hits the cerulean imp but does no damage.
The cerulean imp is heavily wounded.
The cerulean imp barely misses you. Natasha casts a spell at you.
The magic dart hits you.
You shoot an arrow.
The arrow hits the cerulean imp but does no damage.
The cerulean imp is heavily wounded.
The cerulean imp hits you but does no damage.
Natasha stares at you and mumbles some strange words.
The magic dart hits you. The cerulean imp barely misses you.
You shoot an arrow. The arrow hits the cerulean imp.
The cerulean imp is almost dead.
The cerulean imp closely misses you. Natasha claws you.
You shoot an arrow. The arrow hits Natasha.
Natasha is moderately wounded.
Natasha mumbles some strange words.
The cerulean imp hits you from afar with a +2 spear.
You shoot an arrow. The arrow hits Natasha.
Natasha is heavily wounded.
Natasha misses you.
The cerulean imp hits you from afar with a +2 spear.
The cerulean imp barely misses you.
You shoot an arrow. The arrow barely misses Natasha.
The cerulean imp hits you from afar with a +2 spear.
Natasha casts a spell at you. The magic dart hits you.
The cerulean imp barely misses you.
You shoot an arrow. The arrow hits Natasha.
Natasha is severely wounded.
Natasha claws you but does no damage.
The cerulean imp hits you from afar with a +2 spear.
The cerulean imp hits you but does no damage.
You shoot an arrow. The arrow closely misses Natasha.
Natasha claws you but does no damage. The cerulean imp closely misses you.
The cerulean imp barely misses you.
You shoot an arrow. The arrow barely misses Natasha.
The cerulean imp hits you from afar with a +2 spear.
You die...

##########......
#.............#......)
#.....................
#.....................
#.....................
###.....................
............>...........
##.)...................
###>...h@.........#......
......5..................
#......5#.#.######......
.#....<...#.# ###......
.........).#.# #........
.......#.....# #%#......
........#....# #.#......
...<.........# ##.....
........ ....# #.....


You could see Natasha and 2 cerulean imps.

Vanquished Creatures
  Jessica (D:2)
  Natasha (D:3)
  5 adders
  5 worms
  5 bats
  3 endoplasms
  A giant cockroach (D:2)
  2 hobgoblins (D:2)
  4 kobolds
  3 quokkas
  2 ball pythons
  A frilled lizard (D:3)
  4 goblins
  4 rats
41 creatures vanquished.

Notes
Turn   | Place    | Note
-------+----------+-------------------------------------------
     0 | D:1      | qw the Gargoyle Hunter began the quest for the Orb.
     0 | D:1      | Reached XP level 1. HP: 12/12 MP: 1/1
     0 | D:1      | 0 ||| qw: Version: 0.2-a-120-gdf1a93b
     0 | D:1      | 0 ||| qw: Game counter: 3052
     0 | D:1      | 0 ||| qw: Always use a shield: true
     0 | D:1      | 0 ||| qw: God list: Okawaru
     0 | D:1      | 0 ||| qw: Allow faded altars: false
     0 | D:1      | 0 ||| qw: Do Orc after D:15 true
     0 | D:1      | 0 ||| qw: Do second Lair branch before Depths: true
     0 | D:1      | 0 ||| qw: Lair rune preference: random
     0 | D:1      | 0 ||| qw: Plans: Normal
     0 | D:1      | 0 ||| PLANNING D:1-11
   135 | D:1      | Reached XP level 2. HP: 17/17 MP: 2/2
   464 | D:1      | 464 ||| DROPPING +6 ring of intelligence.
   465 | D:1      | 465 ||| READING scroll labelled QUKHAIFIRECH.
   466 | D:1      | 466 ||| READING scroll labelled NEERES YDIYNAPN.
   470 | D:1      | 470 ||| DROPPING scroll of butterflies.
   702 | D:2      | Found a faded altar of an unknown god.
   715 | D:2      | Reached skill level 5 in Ranged Weapons
   715 | D:2      | Reached XP level 3. HP: 13/21 MP: 3/3
   969 | D:2      | Noticed Jessica
   982 | D:2      | Killed Jessica
   983 | D:2      | Reached skill level 3 in Fighting
   983 | D:2      | Reached XP level 4. HP: 11/28 MP: 4/4
  1496 | D:2      | Found a runed translucent door.
  1497 | D:2      | Noticed Crazy Yiuf
  1656 | D:2      | 1656 ||| READING scroll labelled NADDOR ZYARGHO.
  1657 | D:2      | 1657 ||| READING scroll labelled WOOKLE UROY.
  1711 | D:3      | 1711 ||| STAIRDANCE
  1886 | D:3      | Noticed Natasha
  1892 | D:3      | Killed Natasha
  1893 | D:3      | Reached XP level 5. HP: 29/32 MP: 5/5
  2021 | D:3      | Noticed Sigmund
  2029 | D:3      | HP: 7/32 [something (8)]
  2030 | D:3      | 2030 ||| READING 2 scrolls of teleportation.
  2031 | D:3      | HP: 2/32 [something (5)]
  2032 | D:3      | Found a runed translucent door.
  2032 | D:3      | Noticed qw's ghost (weakling MiHu)
  2035 | D:3      | Noticed a phantom
  2036 | D:3      | 2036 ||| READING scroll of teleportation.
  2106 | D:3      | Noticed Natasha
  2116 | D:3      | HP: 6/32 [cerulean imp/+2 spear[Natasha] (4)]
  2117 | D:3      | HP: 1/32 [cerulean imp/+2 spear[Natasha] (2)]
  2119 | D:3      | Slain by a cerulean imp

Levels and vault maps discovered:
D:1:      heliophobic_arrival_enchanted_forest, layout_basic
D:2:      layout_loops_ring, shapermc_ecumenical_altar_gd,
          uniq_crazy_yiuf_cottage, uniq_jessica
D:3:      layout_rooms, serial_shops, nicolae_lakefront_shop,
          ebering_ghost_inner_flame, chequers_serial_rivers_marsh, uniq_sigmund,
          uniq_natasha

Skill      XL: |  1  2  3 |
---------------+----------+-----
Ranged Weapons | 5 |  5.8
Fighting       | 3 |  3.5
Dodging        | |  1.5
Stealth        | |  1.1

Action                     |  1- 3 |  4- 6 || total
---------------------------+-------+-------++-------
   Fire: Shortbow          |   106 |    77 ||   183
    Use: Scroll            |     2 |     4 ||     6
 Armour: Leather armour    |    20 |    11 ||    31
  Dodge: Dodged            |    40 |    22 ||    62

Table legend:
 A = Non-vault XP
 B = Vault XP
 C = Vault XP percentage of total XP
 D = Non-vault monster count
 E = Vault monster count
 F = Vault count percentage of total count
                 A         B        C        D         E       F
            +---------+---------+-------+---------+---------+-------
      Total |     139 |      72 |  34.1 |      39 |       2 |   4.9
            +---------+---------+-------+---------+---------+-------
        D:1 |      15 |       0 |   0.0 |       9 |       0 |   0.0
        D:2 |      99 |      37 |  27.2 |      24 |       1 |   4.0
        D:3 |      25 |      35 |  58.3 |       6 |       1 |  14.3
            +---------+---------+-------+---------+---------+-------
